AoeStats
← Bo Xilai stan

Four Lakes

509283652Analyzed
1v1 RM · 5d ago on Sep 26, 2026· 45m 53s· 2 players
Game mode
Random Map
Map size
Tiny (2 player)
Population
200
Speed
Normal
Resources
Standard
Victory
Conquest
Starting age
Dark Age
Ending age
Imperial Age
RankedLock teamsTeams togetherTeam positionsShared explorationLock speedFull tech treeHidden civsTurbo modeCheats
Victory
Defeat
🇩🇪 Georgians · Germany
1044
+16
🇺🇸 Varangians · United States
1046
-16
NexRex
5:01 Loom
12:21 Feudal Age
17:04 Castle Age
16:02 Fishing Lines
17:35 Wheelbarrow
16:46 Town Watch
17:45 Double-Bit Axe
19:49 Medium Warships
19:13 Man-at-Arms
19:57 Scale Mail Armor
21:03 Long Swordsman
21:44 Squires
21:33 Treadmill Crane
21:48 Fletching
23:30 Bodkin Arrow
25:57 Ballistics
26:44 Stone Mining
28:04 Scale Barding Armor
28:38 Masonry
32:51 Guard Tower
35:43 Horse Collar
36:53 Chain Barding Armor
36:50 Husbandry
37:01 Bloodlines
39:15 Hand Cart
43:10 Murder Holes
44:32 Heavy Plow
44:40 Gillnets
Bo Xilai stan
7:13 Loom
10:21 Feudal Age
11:47 Double-Bit Axe
16:13 Castle Age
15:02 Fishing Lines
15:04 Horse Collar
19:26 Bow Saw
20:53 Gold Mining
23:21 Wheelbarrow
22:44 Town Watch
25:13 Stone Mining
25:49 Fletching
29:56 Gillnets
33:54 Imperial Age
31:15 Pikeman
35:18 Forging
34:42 Capped Ram
Connection lost

Rejoining the realm…

Still unreachable

The connection could not be restored.

Session expired

The server has moved on; the page needs a fresh start.